 Dungeon Crawl Stone Soup version 0.20.1-1-g8b1a95d (webtiles) character file.

60 pstr the Digger (level 4, 0/24 HPs)
             Began as a Kobold Earth Elementalist on Nov 30, 2017.
             Slain by a gnoll
             ... wielding a +0 spear
              (3 damage)
             ... on level 2 of the Dungeon.
             The game lasted 00:04:05 (1548 turns).

pstr the Digger (Kobold Earth Elementalist)         Turns: 1548, Time: 00:04:05

Health: 0/24       AC:  2    Str:  5    XL:     4   Next: 25%
Magic:  5/8        EV: 15    Int: 17    God:
Gold:   40         SH:  0    Dex: 15    Spells: 2/8 levels left

rFire    . . .     SeeInvis .   f - -1 club (curse)
rCold    . . .     Gourm    .   (shield restricted)
rNeg     . . .     Faith    .   c - +0 robe
rPois    .         Spirit   .   (no helmet)
rElec    .         Reflect  .   (no cloak)
rCorr    .         Harm     .   (no gloves)
MR       .....                  (no boots)
Stlth    ++........             (no amulet)
Regen    0.1/turn               (no ring)
MPRegen  0.2/turn               (no ring)

@: no status effects
A: carnivore 3
a: no special abilities


You were on level 2 of the Dungeon.
You were very full.

You visited 1 branch of the dungeon, and saw 2 of its levels.

You collected 40 gold pieces.

Inventory:

Hand Weapons
 f - a cursed -1 club (weapon)
Missiles
 b - 54 stones (quivered)
Armour
 c - a +0 robe (worn)
 h - a +0 leather armour
Scrolls
 a - a scroll of identify {unknown}
 j - a scroll of remove curse {unknown}
Potions
 g - a potion of might {unknown}
 i - a potion of mutation {unknown}
 k - a potion of heal wounds {unknown}
Books
 e - a book of Geomancy

   Spells                             Type                      Level
   a - Sandblast                      Earth                        1
   b - Passwall                       Transmutation/Earth          2
   c - Stone Arrow                    Conjuration/Earth            3
   d - Petrify                        Transmutation/Earth          4
   e - Lee's Rapid Deconstruction     Earth                        5
Comestibles
 d - a meat ration


   Skills:
 + Level 0.2 Fighting
 + Level 0.3 Maces & Flails
 + Level 2.7 Dodging
 + Level 2.8 Stealth
 + Level 2.9 Spellcasting
 + Level 1.0 Transmutations
 + Level 4.0 Earth Magic


You had 2 spell levels left.
You knew the following spells:

 Your Spells              Type           Power        Failure   Level  Hunger
a - Sandblast             Erth           ###...       3%          1    #......
b - Passwall              Tmut/Erth      ##........   10%         2    ##.....
c - Stone Arrow           Conj/Erth      #.....       22%         3    ###....


Dungeon Overview and Level Annotations

Branches:
Dungeon (2/15)

Altars:


Innate Abilities, Weirdness & Mutations

You are small and have problems with some larger weapons.
You are carnivorous and can eat meat at any time.


Message History

Aiming: Sandblast
Press: ? - help, Shift-Dir - straight line, f/p - gnoll
Aim: a gnoll, wielding a spear (moderately wounded)
The blast of sand misses the gnoll.
The blast of sand hits the gnoll.
The gnoll is heavily wounded.
b - 54 stones The gnoll hits you from afar with a spear.
The gnoll throws a throwing net.
The throwing net hits you.
You become entangled in the net!
You see here a throwing net.
You struggle against the net.
The gnoll closely misses you.
You struggle against the net.
The gnoll hits you from afar with a spear!
The gnoll barely misses you.
You struggle against the net.
The gnoll closely misses you. The gnoll barely misses you.
The gnoll hits you with a spear!
* * * LOW HITPOINT WARNING * * *
You rip the net and break free!
The gnoll hits you from afar with a spear.
You die...

# .######## # .#
......... <. ##.#
#........ #. #...
......... ###..##..
###........ .... ....
#g.g.......
###..##.####g#........
.)...........@g.......
.#####.####.#.......#
#.#####<####.#.##.####
#..†.........#.# .#
#######......... .
########## #


You could see 3 gnolls and a goblin.

Vanquished Creatures
  2 adders
  2 dart slugs (D:1)
  3 leopard geckos (D:1)
  A ball python (D:1)
  3 bats (D:1)
  A giant cockroach (D:1)
  3 goblins (D:1)
  3 hobgoblins (D:1)
  8 kobolds (D:1)
  A frilled lizard (D:1)
  6 rats
33 creatures vanquished.

Vanquished Creatures (others)
  A plant (D:1)
1 creature vanquished.

Grand Total: 34 creatures vanquished

Notes
Turn   | Place    | Note
-------+----------+-------------------------------------------
     0 | D:1      | pstr the Kobold Earth Elementalist began the quest for the Orb.
     0 | D:1      | Reached XP level 1. HP: 10/10 MP: 3/3
   185 | D:1      | Reached XP level 2. HP: 15/15 MP: 1/5
   190 | D:1      | Learned a level 2 spell: Passwall
   609 | D:1      | Reached XP level 3. HP: 19/19 MP: 4/6
  1209 | D:1      | Reached XP level 4. HP: 24/24 MP: 5/8
  1310 | D:1      | Learned a level 3 spell: Stone Arrow
  1343 | D:1      | Reached skill level 4 in Earth Magic
  1548 | D:2      | Slain by a gnoll

Skill      XL: |  1  2  3  4 |
---------------+-------------+-----
Earth Magic    | 4 |  4.0
Fighting       | |  0.2
Maces & Flails | |  0.3
Dodging        | |  2.7
Stealth        | |  2.8
Spellcasting   | |  2.9
Transmutations | |  1.0

Action                   |  1- 3 |  4- 6 || total
-------------------------+-------+-------++-------
Melee: Unarmed           |     5 |       ||     5
       Club              |     4 |       ||     4
 Cast: Sandblast         |    50 |    12 ||    62
  Eat: Chunk             |    10 |       ||    10
Armor: Robe              |     5 |       ||     5
Dodge: Dodged            |    30 |     6 ||    36
